AoeStats
← CovidBryan

Arabia

510599601Analyzed
1v1 RM · 14h ago on Oct 1, 2026· 24m 12s· 2 players
Game mode
Random Map
Map size
Tiny (2 player)
Population
200
Speed
Normal
Resources
Standard
Victory
Conquest
Starting age
Dark Age
Ending age
Imperial Age
RankedLock teamsTeams togetherTeam positionsShared explorationLock speedFull tech treeHidden civsTurbo modeCheats
Victory
Defeat
🇺🇸 Lithuanians · United States
1302
+17
🇪🇸 Bulgarians · Spain
1318
-17
Tako龍
6:21 Loom
9:21 Feudal Age
11:11 Double-Bit Axe
12:29 Horse Collar
14:37 Fletching
23:14 Castle Age
23:27 Crossbowman
24:03 Bodkin Arrow
CovidBryan
2:29 Loom
7:47 Loom
10:10 Feudal Age
10:59 Double-Bit Axe
15:12 Fletching
18:53 Castle Age
18:29 Bloodlines
18:27 Scale Barding Armor
19:06 Forging
23:31 Chain Barding Armor
Connection lost

Rejoining the realm…

Still unreachable

The connection could not be restored.

Session expired

The server has moved on; the page needs a fresh start.